 Dungeon Crawl Stone Soup version 0.24.0-123-gd5b16e6ec5 (webtiles) character file.

Game seed: 14141227354261686957, levelgen mode: deterministic

1309 Jooffin the Cleaver (level 8, -2/106 HPs)
             Began as a Hill Orc Berserker on Jan 20, 2020.
             Was an Elder of Trog.
             Slain by a wyvern zombie (4 damage)
             ... on level 6 of the Dungeon.
             The game lasted 00:26:10 (5093 turns).

Jooffin the Cleaver (Hill Orc Berserker)            Turns: 5093, Time: 00:26:11

Health: -2/106     AC:  6    Str: 26    XL:     8   Next: 58%
Magic:  8/8        EV: 13    Int:  7    God:    Trog [****..]
Gold:   266        SH:  0    Dex: 11    Spells: 7/7 levels left

rFire    . . .     SeeInvis .   a - +1 hand axe
rCold    . . .     Gourm    .   (no shield)
rNeg     + . .     Faith    .   z - +0 leather armour
rPois    .         Spirit   .   (no helmet)
rElec    .         Reflect  .   (no cloak)
rCorr    .         Harm     .   k - +0 pair of gloves
MR       .....                  (no boots)
Stlth    ..........             q - amulet of regeneration
HPRegen  0.67/turn              l - +2 ring of protection
MPRegen  0.11/turn              r - ring of positive energy

@: berserking, very quick
A: no striking features
a: Berserk, Trog's Hand, Brothers in Arms, Renounce Religion


You were on level 6 of the Dungeon.
You worshipped Trog.
Trog was greatly pleased with you.
You were not hungry.

You visited 1 branch of the dungeon, and saw 6 of its levels.

You collected 266 gold pieces.

Inventory:

Hand Weapons
 a - a +1 hand axe (weapon)
 p - a +1 flail of crushing
Missiles
 w - 6 javelins (quivered)
Armour
 k - a +0 pair of gloves (worn)
 z - a +0 leather armour (worn)
Jewellery
 l - a +2 ring of protection (left hand)
 o - an uncursed ring of see invisible {unknown}
 q - an amulet of regeneration (around neck)
 r - a ring of positive energy (right hand)
 x - an uncursed ring of flight {unknown}
Scrolls
 d - 4 scrolls of teleportation {unknown}
 f - 7 scrolls of remove curse {unknown}
 g - a scroll of enchant armour
 h - a scroll of brand weapon {unknown}
 i - a scroll of amnesia
 j - a scroll of fog
 m - a scroll of blinking {unknown}
 n - 2 scrolls of noise {unknown}
 s - 4 scrolls of identify
 t - a scroll of random uselessness {unknown}
 y - a scroll of magic mapping {unknown}
Potions
 b - a potion of flight {unknown}
 e - 2 potions of heal wounds
 u - a potion of haste
 v - 2 potions of agility {unknown}
 A - a potion of curing {unknown}
 B - 2 potions of cancellation {unknown}
Comestibles
 c - 8 rations
 C - 3 chunks of flesh


   Skills:
 + Level 6.4 Fighting
 + Level 10.4 Axes
 + Level 2.7 Armour
 + Level 4.0 Dodging
 + Level 1.5 Stealth


You had 7 spell levels left.
You didn't know any spells.
Your spell library was empty.

Dungeon Overview and Level Annotations

Branches:
Dungeon (6/15)
 Temple: D:4-7

Altars:
Hepliaklqana
Kikubaaqudgha
Okawaru
Ru
Sif Muna
Vehumet


Message History

Trog accepts your kill.
You barely miss the wyvern zombie. The wyvern zombie bites you!
You hit the wyvern zombie but do no damage.
The wyvern zombie bites you.
* * * LOW HITPOINT WARNING * * *
You fail to use your ability.
The wyvern zombie bites you.
* * * LOW HITPOINT WARNING * * *
The wyvern zombie bites you.
* * * LOW HITPOINT WARNING * * *
You see here an arrow.
A red film seems to cover your vision as you go berserk!
You feel yourself moving faster!
You feel mighty!
You feel a lot more hungry. The wyvern zombie bites you!
* * * LOW HITPOINT WARNING * * *
You completely miss the wyvern zombie. The wyvern zombie bites you!
* * * LOW HITPOINT WARNING * * *
You slash the wyvern zombie!
The wyvern zombie is moderately damaged.
The wyvern zombie bites you.
You die...

#.#....# #.#....#
#.#....######
#...........# ###
#...........#
###.####
#....#......#
#......#
#....#......#
#......#
########....#......#
#...<..#
#....@Z)....#......#
#......#
#.#######...########
#......# #.(.#####
#......#.#
#####(.......
#......#.#
#...†(..#####
#......#.# #.......#
#......#.# #.......#
######.#.# #.......#
#.#.# #.......+


You could see a wyvern zombie.

Vanquished Creatures
  An ogre (D:6)
  2 centaurs (D:6)
  A bullfrog (D:6)
  2 scorpions
  A howler monkey (D:5)
  2 crimson imps
  2 orc priests (D:4)
  A hound (D:5)
  3 orc wizards (D:4)
  An iguana (D:5)
  8 worker ants
  A hound zombie (D:5)
  A hound skeleton (D:6)
  Robin (D:2)
  7 gnolls (D:3)
  10 adders
  3 river rats (D:5)
  A shadow imp (D:5)
  An ooze (D:1)
  An adder zombie (D:6)
  3 worms
  2 dart slugs
  6 leopard geckos
  19 orcs
  3 ball pythons
  4 giant cockroaches
  15 goblins
  9 hobgoblins
  14 jackals
  5 kobolds
  3 quokkas (D:5)
  10 bats
  3 frilled lizards
  A leopard gecko skeleton (D:4)
  A quokka skeleton (D:4)
  9 rats
157 creatures vanquished.

Notes
Turn   | Place    | Note
-------+----------+-------------------------------------------
     0 | D:1      | Jooffin the Hill Orc Berserker began the quest for the Orb.
     0 | D:1      | Reached XP level 1. HP: 19/19 MP: 1/1
   256 | D:1      | Reached XP level 2. HP: 16/27 MP: 2/2
   885 | D:2      | Reached XP level 3. HP: 26/33 MP: 3/3
   913 | D:2      | Reached skill level 5 in Axes
  1153 | D:2      | Reached ** piety under Trog
  1397 | D:2      | Reached XP level 4. HP: 41/41 MP: 4/4
  1446 | D:2      | Reached skill level 6 in Axes
  1446 | D:2      | Reached XP level 5. HP: 23/47 MP: 5/5
  1763 | D:2      | Found a shimmering blue altar of Sif Muna.
  1764 | D:2      | Noticed Robin
  1772 | D:2      | Killed Robin
  2191 | D:4      | Reached *** piety under Trog
  2363 | D:3      | Reached XP level 6. HP: 55/55 MP: 6/6
  2369 | D:3      | Reached skill level 7 in Axes
  2535 | D:3      | Found a radiant altar of Vehumet.
  2668 | D:4      | Reached skill level 5 in Fighting
  2978 | D:4      | Reached **** piety under Trog
  3041 | D:4      | Reached XP level 7. HP: 49/61 MP: 7/7
  3059 | D:4      | Reached skill level 8 in Axes
  3165 | D:4      | Received a gift from Trog
  3272 | D:4      | Found a hazy altar of Hepliaklqana.
  3515 | D:5      | Entered Level 5 of the Dungeon
  3535 | D:5      | Found an ancient bone altar of Kikubaaqudgha.
  3707 | D:5      | Reached skill level 9 in Axes
  3797 | D:5      | Found a sacrificial altar of Ru.
  3888 | D:5      | Found an iron altar of Okawaru.
  3899 | D:5      | Reached skill level 1 in Stealth
  4066 | D:5      | Reached XP level 8. HP: 70/70 MP: 8/8
  4823 | D:6      | Reached skill level 10 in Axes
  5092 | D:6      | HP: 2/106 [wyvern zombie (7)]
  5093 | D:6      | Slain by a wyvern zombie

Levels and vault maps discovered:
D:1:      saegor_arrival_simple_e, layout_basic, roderic_roman_lattice
D:2:      layout_rooms, led_sif_pool, minmay_heptomino_o4, uniq_robin
D:3:      layout_basic, lemuel_doored_altar, first_ration
D:4:      layout_loops_cross, kennysheep_mini_moat, nrook_campfire
D:5:      wad_woods_stonehenge, layout_basic, kiku_gazebo_garden_becter,
          serial_bayou, serial_bayou_ford_a, serial_bayou_shore_b,
          serial_bayou_crossing, hangedman_abyss_or_decor_stabs,
          okawaru_ov_weapons_minmay
D:6:      layout_basic, minmay_temple_entry_enclosed_plants

Skill      XL: |  1  2  3  4  5  6  7  8 |
---------------+-------------------------+-----
Fighting       | 4 5 6 |  6.4
Axes           | 5 6 7 9 10 | 10.4
Dodging        | 2 3 4 |  4.0
Stealth        | 1 |  1.5
Armour         | |  2.7

Action                   |  1- 3 |  4- 6 |  7- 9 || total
-------------------------+-------+-------+-------++-------
Melee: Hand axe          |    92 |   260 |   256 ||   608
Invok: Berserk           |       |     3 |     3 ||     6
  Use: Scroll            |     6 |     1 |       ||     7
 Stab: Sleeping          |     1 |       |       ||     1
  Eat: Chunk             |     2 |     8 |     6 ||    16
       Ration            |       |       |     1 ||     1
Armor: Animal skin       |    23 |    68 |    47 ||   138
       Leather armour    |       |       |    13 ||    13
Dodge: Dodged            |    65 |   149 |   135 ||   349
